 Dungeon Crawl Stone Soup version 0.29.1-14-g9c671dbff4 (webtiles) character file.

Game seed: 9848224184274987023

137 protoss039 the Digger (level 5, -2/39 HPs)
             Began as a Demonspawn Earth Elementalist on Feb 18, 2023.
             Slain by an ice beast (9 damage)
             ... on level 3 of the Dungeon.
             The game lasted 00:04:34 (2792 turns).

protoss039 the Digger (DsEE)                        Turns: 2792, Time: 00:04:35

Health: -2/39      AC:  3    Str:  8    XL:     5   Next: 0%
Magic:  6/9        EV: 12    Int: 19    God:
Gold:   132        SH:  0    Dex: 13    Spells: 7/10 levels left

rFire   . . .      SeeInvis .   h - +2 halberd (freeze)
rCold   . . .      Faith    .   (shield currently unavailable)
rNeg    . . .      Spirit   .   a - +0 robe
rPois   .          Reflect  .   (no helmet)
rElec   .          Harm     .   (no cloak)
rCorr   .          Rampage  .   (no gloves)
Will    .....                   k - +0 pair of boots
Stlth   ++........              (no amulet)
HPRegen 0.13/turn               (no ring)
MPRegen 0.22/turn               (no ring)

@: no status effects
A: magic regeneration
a: no special abilities


You were on level 3 of the Dungeon.
You visited 1 branch of the dungeon, and saw 4 of its levels.

You collected 132 gold pieces.

Inventory:

Hand Weapons
 h - a +2 halberd of freezing (weapon)
Armour
 a - a +0 robe (worn)
 k - a +0 pair of boots (worn)
Jewellery
 g - a ring of positive energy
Scrolls
 c - a scroll of blinking
 e - a scroll of identify
 l - a scroll of immolation {unknown}
Potions
 b - a potion of magic
 d - a potion of resistance {unknown}
 f - 2 potions of degeneration
 i - a potion of curing {unknown}
 m - a potion of flight
 n - a potion of attraction


   Skills:
 + Level 2.5 Fighting
 - Level 1.7 Dodging
 - Level 1.7 Stealth
 + Level 3.2 Spellcasting
 - Level 0.8 Transmutations
 + Level 3.6 Earth Magic


You had 7 spell levels left.
You knew the following spells:

 Your Spells              Type           Power      Damage    Failure   Level
a - Sandblast             Erth           34%        2d9       3%          1
b - Passwall              Tmut/Erth      9%         N/A       9%          2

Your spell library contained the following spells:

 Spells                   Type           Power      Damage    Failure   Level
 Slow                     Hex            12%        N/A       16%         1
 Stone Arrow              Conj/Erth      20%        3d8       22%         3
 Confusing Touch          Hex            3%         N/A       41%         3
 Vampiric Draining        Necr           3%         2d6       41%         3
 Petrify                  Tmut/Erth      11%        N/A       52%         4
 Malign Gateway           Summ/Tloc      1%         N/A       100%        7
 Summon Horrible Things   Summ           1%         N/A       100%        8


Dungeon Overview and Level Annotations

Branches:
Dungeon (4/15) Zot: 21147
 Temple: D:4-7

Altars:
Xom

Annotations:
D:2 Sigmund, Terence
D:3 1 exclusion


Innate Abilities, Weirdness & Mutations

You regenerate magic rapidly.


Message History

Confirm with . or Enter, or press ? or * to list all spells.
You don't know that spell.
Unknown command.
Casting: Sandblast (safe; 3% risk of failure)
Confirm with . or Enter, or press ? or * to list all spells.
Aiming: Sandblast (safe; 3% risk of failure)
Press: ? - help, Shift-Dir - straight line, f - ice beast
Aim: an ice beast (82% to hit)
The blast of sand hits the ice beast but does no damage.
The ice beast hits you. The ice beast freezes you!
Unknown command.
Casting: Sandblast (safe; 3% risk of failure)
Confirm with . or Enter, or press ? or * to list all spells.
Aiming: Sandblast (safe; 3% risk of failure)
Press: ? - help, Shift-Dir - straight line, f/p - ice beast
Aim: an ice beast (82% to hit)
The blast of sand misses the ice beast.
The ice beast hits you. The ice beast freezes you!
* * * LOW HITPOINT WARNING * * *
The ice beast hits you but does no damage.
Casting: Sandblast (safe; 3% risk of failure)
Confirm with . or Enter, or press ? or * to list all spells.
Aiming: Sandblast (safe; 3% risk of failure)
Press: ? - help, Shift-Dir - straight line, f/p - ice beast
Aim: an ice beast (82% to hit)
The blast of sand hits the ice beast!
The ice beast is moderately wounded.
The ice beast hits you but does no damage.
Unknown command.
Casting: Sandblast (safe; 3% risk of failure)
Confirm with . or Enter, or press ? or * to list all spells.
Aiming: Sandblast (safe; 3% risk of failure)
Press: ? - help, Shift-Dir - straight line, f/p - ice beast
Aim: an ice beast (moderately wounded, 82% to hit)
The blast of sand hits the ice beast.
The ice beast is heavily wounded.
The ice beast misses you. The ice beast hits you.
* * * LOW HITPOINT WARNING * * *
The ice beast freezes you!
You die...

#...####...#....##........#
...........#.#..##........#
<...)........#............#
................##........#
#...####..#..#..##........#
#.......^.................#
#...#####.......###########
#...# #.#.##..## #...#
#.#.##.#@# ##... .#
..###Y...# ### .......
.##.##. .# .. .# #. .# ..


You could see an ice beast.

Vanquished Creatures
  An orc wizard (D:2)
  An adder (D:2)
  4 gnolls (D:3)
  A worm (D:2)
  A dart slug (D:1)
  4 orcs
  10 ball pythons
  An endoplasm (D:1)
  2 giant cockroaches
  6 hobgoblins
  8 jackals
  4 quokkas
  3 bats
  A frilled lizard (D:1)
  3 goblins
  2 kobolds
  2 rats (D:1)
54 creatures vanquished.

Notes
Turn   | Place    | Note
-------+----------+-------------------------------------------
     0 | D:1      | protoss039 the Demonspawn Earth Elementalist began the
                  | quest for the Orb.
     0 | D:1      | Reached XP level 1. HP: 13/13 MP: 3/3
    62 | D:1      | Found a faded altar of an unknown god.
   185 | D:1      | Gained mutation: You regenerate magic rapidly. [demonic
                  | ancestry]
   185 | D:1      | Reached XP level 2. HP: 12/20 MP: 5/5
   198 | D:1      | Reached skill level 1 in Fighting
   786 | D:1      | Reached XP level 3. HP: 26/26 MP: 1/6
  1080 | D:1      | Learned a level 2 spell: Passwall
  1137 | D:2      | You fall into a shaft and drop 2 floors!
  1167 | D:4      | Found a shimmering altar of Xom.
  1340 | D:2      | Noticed Sigmund
  1454 | D:2      | Reached XP level 4. HP: 33/33 MP: 6/8
  1950 | D:2      | Noticed Terence
  2786 | D:3      | Noticed an ice beast
  2788 | D:3      | Reached XP level 5. HP: 38/39 MP: 9/9
  2792 | D:3      | Slain by an ice beast

Illustrated notes

Levels and vault maps discovered:
D:1:      dpeg_arrival_another_circle, layout_rooms,
          nicolae_ecumenical_snake_handling, minmay_pentomino_v2
D:2:      layout_basic, uniq_sigmund, uniq_terence
D:3:      layout_loops_cross, lemuel_round_altar,
          mainiacjoe_overflow_tiny_flanked
D:4:      layout_basic, trog_three_pillars_becter, brannock_xom_greatest_gift,
          minmay_temple_entry_tees, kennysheep_small_spiral, uniq_natasha,
          uniq_edmund

Skill      XL: |  1  2  3  4 |
---------------+-------------+-----
Fighting       | 1 2 |  2.5
Earth Magic    | 3 |  3.6
Spellcasting   | 3 |  3.2
Dodging        | |  1.7
Stealth        | |  1.7
Transmutations | |  0.8

Action                   |  1- 3 |  4- 6 || total
-------------------------+-------+-------++-------
Melee: Hand axe          |    26 |    29 ||    55
       Unarmed           |     1 |       ||     1
       Halberd           |       |    15 ||    15
 Cast: Sandblast         |    44 |    18 ||    62
       Passwall          |       |     2 ||     2
  Use: Scroll            |       |     7 ||     7
 Stab: Distracted        |       |     1 ||     1
Armor: Robe              |     8 |    34 ||    42
Dodge: Dodged            |    40 |    66 ||   106
